 Dungeon Crawl Stone Soup version 0.31.0-7-gf635a9b802 (webtiles) character file.

Game seed: 6147162783903193645

2410 shmup the Arsonist (level 9, -3/54 HPs)
             Began as a Tengu Fire Elementalist on Jan 23, 2024.
             Was an Initiate of Nemelex Xobeh.
             Killed by divine providence
             ... invoked by an orc priest
              (9 damage)
             ... on level 6 of the Dungeon.
             The game lasted 00:25:09 (5683 turns).

shmup the Arsonist (Tengu Fire Elementalist)        Turns: 5683, Time: 00:25:10

Health: -3/54      AC:  4    Str: 11    XL:     9   Next: 47%
Magic:  0/27       EV: 18    Int: 24    God:    Nemelex Xobeh [......]
Gold:   259        SH:  0    Dex: 15    Spells: 6/19 levels left

rFire   . . .        a - +0 trident of World Downfall {drain, Str+3}
rCold   . . .        (no shield)
rNeg    . . .        c - +0 robe
rPois   .            (helmet restricted)
rElec   .            j - +0 cloak
rCorr   .            i - +0 pair of gloves
SInv    .            (boots unavailable)
Will    +....        o - amulet "Hero's Friend" {Acrobat Int+4 Slay-5}
Stlth   ++           g - ring of wizardry
HPRegen 0.29/turn    h - ring of magical power
MPRegen 0.20/turn

%: acrobat, wizardry (x1)
@: mighty, enlightened, flying
A: beak, talons 3, evasive flight, acrobatic
a: Renounce Religion, Draw Escape, Draw Destruction, Draw Summoning


You were on level 6 of the Dungeon.
You worshipped Nemelex Xobeh.
Nemelex Xobeh was noncommittal.
You visited 2 branches of the dungeon, and saw 7 of its levels.

You collected 259 gold pieces.

Inventory:

Hand Weapons
 a - the +0 trident of World Downfall (weapon) {drain, Str+3}
   (You found it on level 3 of the Dungeon)

   Str+3:     It affects your strength (+3).
Missiles
 m - 24 stones (quivered)
 r - 3 boomerangs
 t - 4 poisoned darts
 w - 2 javelins
Armour
 c - a +0 robe (worn)
 f - an orb of light
 i - a +0 pair of gloves (worn)
 j - a +0 cloak (worn)
Magical Staves
 b - a staff of air
 l - a staff of cold
Jewellery
 g - a ring of wizardry (left hand)
 h - a ring of magical power (right hand)
 o - the amulet "Hero's Friend" (around neck) {Acrobat Int+4 Slay-5}
   (You found it on level 3 of the Dungeon)

   [amulet of the acrobat]

   Acrobat:   It increases your evasion while moving and waiting.
   Int+4:     It affects your intelligence (+4).
   Slay-5:    It affects your accuracy & damage with ranged weapons and melee
   (-5).
Wands
 n - a wand of mindburst (18)
 q - a wand of paralysis (13)
 A - a wand of quicksilver (4)
 D - a wand of flame (6)
Scrolls
 p - a scroll of immolation
 y - a scroll of brand weapon
Potions
 d - a potion of attraction
 e - a potion of brilliance
 k - a potion of magic
 s - a potion of might
 z - a potion of invisibility
 B - a potion of curing
 C - a potion of lignification


   Skills:
 - Level 5.0 Fighting
 - Level 5.0 Dodging
 - Level 2.0 Stealth
 + Level 5.9 Spellcasting
 - Level 5.0 Conjurations
 - Level 8.0 Fire Magic
 - Level 5.0 Air Magic


You had 6 spell levels left.
You knew the following spells:

 Your Spells              Type           Power      Damage    Failure   Level
a - Foxfire               Conj/Fire      100%       2x1d9     1%          1
b - Scorch                Fire           90%        2d8       1%          2
c - Inner Flame           Hex/Fire       26%        N/A       1%          3
d - Volatile Blastmotes   Fire/Tloc      52%        2d14      1%          3
e - Searing Ray           Conj           62%        2d6       1%          2
f - Mercury Vapours       Alch/Air       38%        N/A       1%          2

Your spell library contained the following spells:

 Spells                   Type           Power      Damage    Failure   Level
 Magic Dart               Conj           100%       1d8       1%          1
 Mephitic Cloud           Conj/Alch/Air  23%        N/A       2%          3
 Flame Wave               Conj/Fire      38%        2d10      2%          4
 Ignite Poison            Fire/Alch      26%        N/A       6%          4
 Sticky Flame             Fire/Alch      26%        2d6       6%          4
 Fulminant Prism          Conj/Alch      9%         3d7       12%         4
 Freezing Cloud           Conj/Ice/Air   11%        6-21      22%         5
 Sculpt Simulacrum        Ice/Alch       3%         N/A       99%         6
 Ozocubu's Refrigeration  Ice            3%         4d8       100%        7
 Ignition                 Fire           22%        3d8       100%        8
 Polar Vortex             Ice            3%         N/A       100%        9


Dungeon Overview and Level Annotations

Branches:
Dungeon (6/15) Zot: 26949  Temple (1/1) D:5 Zot: 5955

Altars:
Ashenzari
Cheibriados
Dithmenos
Hepliaklqana
Kikubaaqudgha
Makhleb
Nemelex Xobeh
Xom
The Shining One

Annotations:
D:4 exclusion: 2 downstairs


Innate Abilities, Weirdness & Mutations

You have a beak for a mouth.
You have claws for feet.
Your magical flight helps you evade attacks. (EV +4)
You can magically evade attacks while moving or waiting.


Message History

Your life force feels restored.
Casting: Scorch (safe; 1% risk of failure)
Confirm with . or Enter, or press ? or * to list all spells.
Flames lash the wight.
The wight is lightly damaged.
The wight's fire resistance burns away.
The wight closely misses you. The wight barely misses you.
Casting: Scorch (safe; 1% risk of failure)
Confirm with . or Enter, or press ? or * to list all spells.
Flames lash the wight.
The wight is burned terribly!
The wight is severely damaged.
The orc priest barely misses you. The wight hits you but does no damage.
The wight hits you with a +3 mace!
* * * LOW HITPOINT WARNING * * *
Unknown command.
Casting: Scorch (safe; 1% risk of failure)
Confirm with . or Enter, or press ? or * to list all spells.
You don't have enough magic to cast this spell.
Okay, then.
You feel very mighty all of a sudden. The orc priest hits you with a +0 club.
* * * LOW HITPOINT WARNING * * *
The wight completely misses you. The wight closely misses you.
Okay, then.
Okay, then.
You feel stronger.
You sense an unholy aura.
a - the +0 trident of World Downfall (weapon)
{drain, Str+3} The orc priest looks satisfied for a moment.
You hit the orc priest.
Your attack snaps the orc priest out of its fear.
You claw the orc priest.
The orc priest is almost dead.
The orc priest looks encouraged for a moment.
The wight barely misses you. The wight hits you with a +3 mace.
* * * LOW HITPOINT WARNING * * *
The orc priest invokes the aid of Beogh against you.
Beogh smites you!
You die...
Your body disappears without a glow.

▒▒▒ ▒.. ▒.▒ ▒.
▒.▒ ▒
▒▒...▒▒▒▒z▒.▒▒▒▒▒
..).)..zzQoo.....
.)....)▒▒▒▒.▒▒▒▒▒
.....). .▒
..$?...' .
.~~~... ..
~~~~~.. ..
~~7~~.. ...
~~~~~..


You could see 3 wights and 2 orc priests.

Vanquished Creatures
  A two-headed ogre (D:5)
  Grinder (D:3)
  A water moccasin (D:3)
  An ice beast (D:6)
  2 black bears (D:5)
  2 ogres (D:5)
  A centaur (D:5)
  3 scorpions (D:5)
  A wight (D:6)
  A howler monkey (D:4)
  2 bombardier beetles (D:5)
  3 hounds
  An orc priest (D:3)
  4 iguanas (D:5)
  Natasha (thrice) (D:3)
  4 orc wizards
  4 gnolls
  12 adders
  2 shadow imps (D:5)
  2 white imps (D:5)
  A ribbon worm (D:4)
  A dart slug (D:1)
  19 orcs
  6 ball pythons
  6 endoplasms
  A giant cockroach (D:3)
  7 goblins
  5 hobgoblins
  6 jackals
  3 quokkas
  7 bats
  2 frilled lizards
  7 kobolds
  8 rats
130 creatures vanquished.

Vanquished Creatures (others)
  267 foxfires
267 creatures vanquished.

Grand Total: 397 creatures vanquished

Notes
Turn   | Place    | Note
-------+----------+-------------------------------------------
     0 | D:1      | shmup the Tengu Fire Elementalist began the quest for the
                  | Orb.
     0 | D:1      | Reached XP level 1. HP: 10/10 MP: 4/4
   223 | D:1      | Reached XP level 2. HP: 15/15 MP: 3/6
   438 | D:1      | Learned a level 2 spell: Scorch
   456 | D:1      | Reached skill level 4 in Fire Magic
   776 | D:1      | Found a faded altar of an unknown god.
   937 | D:1      | Learned a level 2 spell: Mercury Vapours
   967 | D:2      | Reached XP level 3. HP: 19/19 MP: 7/7
  1072 | D:2      | Reached skill level 1 in Air Magic
  1265 | D:2      | Reached XP level 4. HP: 24/24 MP: 8/8
  1347 | D:2      | Reached skill level 5 in Fire Magic
  1878 | D:3      | Reached XP level 5. HP: 18/28 MP: 9/9
  1933 | D:3      | Identified the amulet "Hero's Friend" {Acrobat Int+4
                  | Slay-5}
  1944 | D:3      | Learned a level 3 spell: Inner Flame
  1962 | D:3      | Identified the +0 trident of World Downfall {drain, Str+3}
  2170 | D:3      | Found a broken altar of Ashenzari.
  2254 | D:3      | Noticed a water moccasin
  2259 | D:3      | Killed a water moccasin
  2260 | D:3      | Reached skill level 5 in Air Magic
  2260 | D:3      | Reached skill level 6 in Fire Magic
  2260 | D:3      | Reached XP level 6. HP: 32/32 MP: 10/10
  2825 | D:3      | Noticed Natasha
  2829 | D:3      | Killed Natasha
  2830 | D:3      | Reached skill level 1 in Fighting
  2923 | D:3      | Noticed Grinder
  2931 | D:3      | Killed Grinder
  2932 | D:3      | Gained mutation: Your magical flight helps you evade
                  | attacks. (EV +4) [Tengu growth]
  2932 | D:3      | Reached XP level 7. HP: 40/40 MP: 11/11
  3074 | D:3      | Noticed Natasha
  3077 | D:3      | Killed Natasha
  3086 | D:3      | Noticed Natasha
  3089 | D:3      | Killed Natasha
  3270 | D:4      | Learned a level 2 spell: Searing Ray
  4088 | D:5      | Entered Level 5 of the Dungeon
  4243 | D:5      | Reached skill level 5 in Dodging
  4243 | D:5      | Reached XP level 8. HP: 48/48 MP: 10/12
  4431 | D:5      | Reached skill level 5 in Fighting
  4437 | D:5      | Noticed a two-headed ogre
  4789 | D:4      | Learned a level 3 spell: Volatile Blastmotes
  4822 | D:5      | Found a staircase to the Ecumenical Temple.
  4869 | Temple   | Entered the Ecumenical Temple
  4905 | Temple   | Became a worshipper of Nemelex Xobeh the Trickster
  4996 | D:5      | Reached skill level 5 in Spellcasting
  5227 | D:5      | Killed a two-headed ogre
  5228 | D:5      | Reached skill level 5 in Conjurations
  5228 | D:5      | Reached skill level 8 in Fire Magic
  5228 | D:5      | Reached XP level 9. HP: 54/54 MP: 17/17
  5608 | D:5      | Upgraded the game from 0.31.0-4-g52a2dc7128 to
                  | 0.31.0-7-gf635a9b802
  5683 | D:6      | Killed from afar by an orc priest

Illustrated notes

Levels and vault maps discovered:
D:1:      wander_arrival_desolate, layout_loops_ring,
          ebering_ecumenical_altar_sacrificial
D:2:      layout_loops_ring
D:3:      wad_crossroads, layout_loops_cross, cheibrodos_ashenzari_chains,
          eino_tiny_chamber, item_on_display_b, uniq_natasha, uniq_grinder
D:4:      layout_basic
D:5:      cheibrodos_fzero, layout_loops_ring, minmay_temple_entry_stoned_glass
D:6:      layout_basic, lemuel_round_altar, kennysheep_mini, elyvilon_altar_3,
          gammafunk_ghost_arena
Temple:   hellmonk_temple_forest_ring

Skill      XL: |  1  2  3  4  5  6  7  8 |
---------------+-------------------------+-----
Fire Magic     | 4 5 6 8 |  8.0
Air Magic      | 2 3 5 |  5.0
Fighting       | 2 4 5 |  5.0
Dodging        | 3 5 |  5.0
Spellcasting   | 5 |  5.9
Conjurations   | 5 |  5.0
Stealth        | |  2.0

Action                     |  1- 3 |  4- 6 |  7- 9 || total
---------------------------+-------+-------+-------++-------
  Melee: Kick              |     2 |       |     2 ||     4
         Unarmed           |     1 |       |       ||     1
         Whip              |     3 |       |       ||     3
         Peck              |     1 |     1 |     1 ||     3
         Staff             |       |     1 |     6 ||     7
         Trident           |       |       |     1 ||     1
   Cast: Foxfire           |    31 |    41 |    88 ||   160
         Scorch            |     6 |    29 |    52 ||    87
         Inner Flame       |       |       |    10 ||    10
         Mercury Vapours   |       |       |     1 ||     1
         Searing Ray       |       |       |     1 ||     1
         Volatile Blastmot |       |       |     1 ||     1
    Use: Scroll            |     3 |     2 |    14 ||    19
         Potion            |       |       |     2 ||     2
 Armour: Robe              |     4 |     5 |    31 ||    40
  Dodge: Dodged            |    15 |     6 |    70 ||    91
